[Event "*** Qualifier 4: Titled Tuesday 3|2 Blitz"]
[Site "Chess.com"]
[Date "2017.04.25"]
[Round "9"]
[White "scrapnel"]
[Black "MyleneFarmer"]
[Result "0-1"]
[WhiteElo "2460"]
[BlackElo "2353"]
[TimeControl "180+2"]
[EndTime "14:56:48 PDT"]
[Termination "MyleneFarmer won on time"]

1. d4 Nf6 2. Nf3 c5 3. d5 b5 4.
Bg5 Qb6 5. a4 b4 6. a5 Qd6 7. c4 Ne4 8. Bc1 g6 9. Nbd2 Nxd2 10.
Bxd2 Bg7 11. Qc1 O-O 12. h4 e6 13. Bh6 exd5 14. h5 Qf6 15. Bxg7 Qxg7 16. cxd5 d6 17. e4 Bg4 18. hxg6 fxg6 19. Ng5 h6 20. Ne6 Bxe6 21. dxe6 Nc6 22. Rxh6 Ne5 23. Qg5 Qf6 24. Qxf6 Rxf6 25. Be2 Kg7 26. Rh3 Raf8 27. f3 Rxe6 28. O-O-O Rh8 29. Rxh8 Kxh8 30. f4 Nc6 31. Bc4 Rf6 32. g3 Nd4 33. Kd2 Kg7 34. Ke3 g5 35. f5 Rh6 36. e5 Nxf5+ 37. Kf3 Nd4+ 38. Ke4 dxe5 39. Kxe5 g4 40. Kd5 Rh5+ 41. Kd6 Nf5+ 42. Kc7 Ne3 43. Rd7+ Kf6 44. Bb5 c4 45. Rd4 Rxb5 0-1

[Event "*** Qualifier 4: Titled Tuesday 3|2 Blitz"]
[Site "Chess.com"]
[Date "2017.04.25"]
[Round "9"]
[White "Blitzstream"]
[Black "SerGo055"]
[Result "1-0"]
[WhiteElo "2444"]
[BlackElo "2334"]
[TimeControl "180+2"]
[EndTime "14:56:50 PDT"]
[Termination "Blitzstream won by resignation"]

1. g3 d5 2. Bg2 c6 3. b3 Nf6 4. Bb2 Bf5 5. d3 e6 6. Nd2 h6 7. e3 Be7 8. Ne2 O-O 9. h3 Bh7 10.
a3 Nbd7 11. O-O e5 12. e4 Re8 13. f4 dxe4 14. fxe5 exd3 15. cxd3 Nd5 16. Bxd5 cxd5 17.
d4 Rc8 18. Rc1 Qb6 19. Nf4 Qb5 20. Qf3 Bg5 21. Nxd5 Bg6 22. Rxc8 Rxc8 23. h4 Bxd2 24. Ne7+ Kh7 25. Nxc8 h5 26. Nd6 Qa6 27. Bc1 Bxc1 28.
Rxc1 Qxa3 29. Rf1 Qb2 30. Qf2 Qxb3 31. Kh2 Nf8 32. Nxf7 Ne6 33. Ng5+ Nxg5 34. hxg5 a5 35. Re1 Qe6 36. Qf3 b5 37. d5 Qb6 38. e6 b4 39.
e7 b3 40. e8=Q Bxe8 41. Rxe8 b2 42. Qf5+ Qg6 43. Qxg6+ Kxg6 44. Rb8 1-0

[Event "*** Qualifier 4: Titled Tuesday 3|2 Blitz"]
[Site "Chess.com"]
[Date "2017.04.25"]
[Round "9"]
[White "severomorskij"]
[Black "BogdanDeac"]
[Result "1-0"]
[WhiteElo "2669"]
[BlackElo "2561"]
[TimeControl "180+2"]
[EndTime "14:56:54 PDT"]
[Termination "severomorskij won by checkmate"]

1. d4 Nf6 2. Bg5 d5 3. e3 c5 4.
Bxf6 gxf6 5. dxc5 e6 6. Nf3 Bxc5 7. c4 dxc4 8. Nbd2 c3 9. bxc3 Nc6 10. Be2 f5 11. O-O Be7 12. Qc2 O-O 13. Rfd1 Qc7 14. e4 f4 15. Nb3 Bf6 16. Nbd4 Nxd4 17. Nxd4 a6 18. Bd3 b5 19. e5 Bxe5 20. Bxh7+ Kg7 21. Be4 Bb7 22. Bxb7 Qxb7 23. Qe2 Qc7 24. Qg4+ Kf6 25. Qh4+ Kg6 26. Nf3 Bf6 27. Qg4+ Kh6 28. Qh3+ Kg6 29.
Nh4+ Bxh4 30. Qxh4 f5 31. Qh3 e5 32. Rd5 Rad8 33.
Qd3 e4 34. Qd4 Rxd5 35. Qxd5 Qxc3 36. Rd1 e3 37. h3 e2 38. Qe6+ Rf6 39. Qxe2 Qc4 40.
Qe8+ Qf7 41. Qh8 Qxa2 42. Rd7 Rf7 43. Rd6+ Kg5 44. Qh6# 1-0

[Event "*** Qualifier 4: Titled Tuesday 3|2 Blitz"]
[Site "Chess.com"]
[Date "2017.04.25"]
[Round "9"]
[White "dhanushbharadwaj"]
[Black "Schemato"]
[Result "1-0"]
[WhiteElo "2446"]
[BlackElo "2235"]
[TimeControl "180+2"]
[EndTime "14:57:01 PDT"]
[Termination "dhanushbharadwaj won on time"]

1. b3 e5 2. Bb2 d6 3. e3 g6 4. Nf3 Bg7 5. d4 Ne7 6. dxe5 Nbc6 7.
Bb5 O-O 8. O-O Bg4 9. Nbd2 a6 10.
Bxc6 Nxc6 11. h3 Bd7 12. Nc4 b5 13. Ncd2 dxe5 14. Ne4 Qe7 15. a4 Bf5 16. Nc3 Rfd8 17. Qe2 b4 18. Na2 Qc5 19. e4 Be6 20. Rfd1 Nd4 21.
Bxd4 exd4 22. Qd3 Qb6 23. Nc1 c5 24. Ne2 a5 25. Nf4 Rac8 26. Nxe6 fxe6 27. Rac1 Rf8 28. e5 Rf5 29. Qc4 Rcf8 30. Rd3 Kh8 31. Re1 Bh6 32. Re4 Bc1 33. Rh4 Bg5 34. Rg4 Bd8 35. Rd2 Bc7 36. Re4 Qc6 37. Rdxd4 R8f7 38. Rd3 Kg7 39. Ree3 Rxf3 40.
Rxf3 Rxf3 41. Rxf3 Bxe5 42. Re3 Bd4 43. Qxe6 Qxe6 44. Rxe6 Kf7 45. Ra6 c4 46. Rxa5 cxb3 47. cxb3 1-0

[Event "*** Qualifier 4: Titled Tuesday 3|2 Blitz"]
[Site "Chess.com"]
[Date "2017.04.25"]
[Round "9"]
[White "ruvat"]
[Black "Wolverine_master"]
[Result "1-0"]
[WhiteElo "2230"]
[BlackElo "1982"]
[TimeControl "180+2"]
[EndTime "14:57:07 PDT"]
[Termination "ruvat won on time"]

1. d4 Nf6 2. c4 e6 3. g3 d5 4. Nf3 Be7 5. Bg2 O-O 6. O-O dxc4 7.
Ne5 Nc6 8. Nxc6 bxc6 9. Na3 Bxa3 10. bxa3 Rb8 11. Qd2 c5 12. dxc5 Qxd2 13. Bxd2 Bb7 14. c6 Ba6 15. Ba5 Rfc8 16. Rfb1 Rxb1+ 17. Rxb1 Nd5 18. e4 Nb6 19. Bf1 Rd8 20. f3 h6 21.
Kf2 Rd6 22. Bc3 Rxc6 23. Rb4 Nd7 24. a4 Nc5 25. Ke3 Nd3 26. Rb8+ Kh7 27. Ra8 f6 28.
Rxa7 Kg6 29. f4 e5 30. Ba5 c3 31. Bxc3 Rxc3 32. Rxa6 Nb4+ 33. Kd2 Rc2+ 34. Kd1 Rxa2 35. Ra7 c5 36. h4 Ra1+ 37. Ke2 c4 38. Rc7 Ra2+ 39.
Kd1 Rxa4 40. Bxc4 Ra1+ 41. Kd2 Ra5 42. f5+ Kh5 43. Rxg7 1-0

[Event "*** Qualifier 4: Titled Tuesday 3|2 Blitz"]
[Site "Chess.com"]
[Date "2017.04.25"]
[Round "9"]
[White "Malev212"]
[Black "Noukii"]
[Result "1-0"]
[WhiteElo "2479"]
[BlackElo "2615"]
[TimeControl "180+2"]
[EndTime "14:57:08 PDT"]
[Termination "Malev212 won by checkmate"]

1. e4 e5 2. Nf3 Nc6 3. Bc4 Nf6 4. d3 Bc5 5. Nc3 O-O 6. Bg5 h6 7. Bxf6 Qxf6 8. Nd5 Qd8 9. c3 a6 10. d4 exd4 11. cxd4 Ba7 12. O-O d6 13. h3 Ne7 14.
Nf4 c6 15. Bb3 Bb8 16. Qd2 d5 17. e5 f6 18. Rae1 Bf5 19. g4 Bc8 20. Bc2 g5 21.
Nh5 f5 22. Nxg5 Ng6 23. Nf6+ Kg7 24. gxf5 Nh4 25. Qf4 Rxf6 26. exf6+ Qxf6 27. Qxh4 hxg5 28. Qh5 Bd7 29. Re5 Bd6 30. Rfe1 Rh8 31. Qg4 Rh4 32. Qg2 Bxe5 33. dxe5 Qh6 34. e6 Be8 35. Re3 Qf6 36.
Rg3 Kh6 37. Rg4 Rxg4 38. Qxg4 Qxb2 39. h4 Qf6 40. Kh2 gxh4 41. Qg8 Bh5 42. Kh3 Qg7 43. Qb8 Qg4+ 44. Kh2 Qg5 45. Qh8# 1-0

[Event "*** Qualifier 4: Titled Tuesday 3|2 Blitz"]
[Site "Chess.com"]
[Date "2017.04.25"]
[Round "9"]
[White "biostatistician"]
[Black "Rock700chess"]
[Result "1-0"]
[WhiteElo "2451"]
[BlackElo "2276"]
[TimeControl "180+2"]
[EndTime "14:57:14 PDT"]
[Termination "biostatistician won by resignation"]

1. d4 Nf6 2. Nf3 g6 3. c4 Bg7 4.
Nc3 O-O 5. e4 d6 6. Be2 Nbd7 7.
O-O e5 8. Be3 c6 9. d5 c5 10.
Ne1 a6 11. Kh1 Ne8 12. g4 f5 13. gxf5 gxf5 14. exf5 Rxf5 15. Bg4 Rf8 16. Rg1 Kh8 17.
Nf3 Nef6 18. Be6 Qe7 19. Ng5 Nb6 20. b3 Bxe6 21. Nxe6 Rg8 22. Bg5 h6 23. Bh4 Qf7 24. Qf3 Nbd7 25. Ne4 Kh7 26. Nxg7 Rxg7 27. Rxg7+ Qxg7 28.
Nxf6+ Nxf6 29. Bxf6 Rf8 30. Qf5+ Qg6 31. Qxg6+ Kxg6 32. Be7 Rxf2 33. Bxd6 e4 34. Bxc5 Rf3 35. Re1 Kf5 36. Kg2 h5 37. d6 Rd3 38. Re2 h4 39. h3 Kf4 40. Bb4 b5 41. c5 Rg3+ 42.
Kh2 e3 43. d7 Rg8 44. c6 Kf3 45. Re1 Kf2 46. c7 Rg2+ 47. Kh1 Rg3 48. Bd6 Rxh3+ 49. Bh2 Kxe1 50. d8=Q e2 51. c8=Q Rxh2+ 52. Kxh2 Kf2 53.
Qf6+ 1-0

[Event "*** Qualifier 4: Titled Tuesday 3|2 Blitz"]
[Site "Chess.com"]
[Date "2017.04.25"]
[Round "9"]
[White "pawnwonder"]
[Black "r31415"]
[Result "0-1"]
[WhiteElo "1849"]
[BlackElo "2184"]
[TimeControl "180+2"]
[EndTime "14:57:14 PDT"]
[Termination "r31415 won by checkmate"]

1. e4 c6 2. d4 d5 3. Nc3 dxe4 4.
Nxe4 Bf5 5. Ng3 Bg6 6. h4 h6 7. Nf3 Nd7 8. h5 Bh7 9. Bd3 Bxd3 10.
Qxd3 e6 11. Bd2 Ngf6 12. O-O-O Be7 13. Ne4 Nxe4 14. Qxe4 Nf6 15. Qd3 O-O 16. Kb1 c5 17.
c3 Qd7 18. Ne5 Qd5 19. g4 Rad8 20. Be3 Bd6 21. f4 Bxe5 22. fxe5 Nxg4 23. Rhg1 Nxe5 24. Qc2 Nf3 25. Bxh6 Nxg1 26. Rxg1 Qf5 27. Rxg7+ Kh8 28. Qxf5 exf5 29. dxc5 f4 30. Rg4 f3 31. Rf4 Rfe8 32.
Rxf3 Re2 33. Rf1 Rd7 34. Bc1 Re5 35. h6 Rxc5 36. Be3 Rh5 37. Bd4+ Kh7 38. Bxa7 Rxh6 39. Bd4 Rg6 40. Rh1+ Rh6 41. Rg1 Rg6 42. Rh1+ Rh6 43. Rg1 Re6 44. Rh1+ Kg6 45. Rg1+ Kf5 46. Rf1+ Ke4 47.
Re1+ Kd3 48. Rd1+ Ke2 49. Rg1 f5 50. Rh1 f4 51. Rh2+ Kd3 52. Rf2 Re1# 0-1

[Event "*** Qualifier 4: Titled Tuesday 3|2 Blitz"]
[Site "Chess.com"]
[Date "2017.04.25"]
[Round "9"]
[White "Cayse"]
[Black "Alexander_Moskalenko"]
[Result "0-1"]
[WhiteElo "2650"]
[BlackElo "2662"]
[TimeControl "180+2"]
[EndTime "14:57:15 PDT"]
[Termination "Alexander_Moskalenko won by resignation"]

1. e4 e5 2. Nf3 Nc6 3. Bc4 Nf6 4.
d3 Be7 5. O-O d6 6. Re1 Na5 7.
Nc3 Nxc4 8. dxc4 Be6 9. b3 Nd7 10. Nd2 c6 11. Nf1 a6 12. a4 O-O 13. Ng3 Qa5 14.
Bd2 Qc7 15. Qf3 g6 16. Bh6 Rfe8 17. Nd1 Bf8 18. Bxf8 Rxf8 19. Ne3 Rad8 20. Red1 a5 21. Rd2 f6 22. Rad1 Nc5 23. Ng4 Kg7 24. Ne3 h5 25. h3 h4 26. Ngf1 Rh8 27. Nh2 Qe7 28.
Nef1 Rh5 29. Qe3 b6 30. Nf3 f5 31. exf5 Rxf5 32. N1h2 Rd7 33. Ne1 e4 34. f3 Re5 35.
fxe4 Nxe4 36. Nef3 Nxd2 37. Nxe5 dxe5 38. Rxd2 Rxd2 39. Qxd2 Bf5 40. Nf3 Be4 41. Ng5 Bxc2 42. Qxc2 Qxg5 43. Qd3 Qf5 44. Qe3 c5 45. Qe1 Qf6 46.
Qd2 e4 47. Qd7+ Kh6 48. Qe8 Qd4+ 49. Kf1 Kg5 50. Ke2 Qd3+ 51. Ke1 Kf4 52. Qf8+ Kg3 53. Qf2+ Kh2 54. Qxh4 Qg3+ 55. Qxg3+ Kxg3 56. Kf1 e3 0-1

[Event "*** Qualifier 4: Titled Tuesday 3|2 Blitz"]
[Site "Chess.com"]
[Date "2017.04.25"]
[Round "9"]
[White "ChessQueen"]
[Black "tigra"]
[Result "1/2-1/2"]
[WhiteElo "2514"]
[BlackElo "2598"]
[TimeControl "180+2"]
[EndTime "14:57:21 PDT"]
[Termination "Game drawn by repetition"]

1. e4 e6 2. d4 d5 3. Nc3 Nf6 4.
Bg5 dxe4 5. Nxe4 Be7 6. Bxf6 gxf6 7. Ng3 c5 8. dxc5 Qa5+ 9. c3 Qxc5 10. Bd3 Nc6 11. N1e2 Ne5 12. Bc2 Bd7 13. Nd4 f5 14. O-O O-O-O 15. Qe2 h5 16. f4 Nc6 17. Rfd1 h4 18.
Nf1 Qb6 19. Kh1 Nxd4 20. cxd4 Bc6 21. Bxf5 Rxd4 22. Rxd4 Qxd4 23. Rd1 Qb4 24. Bxe6+ fxe6 25. Qxe6+ Kc7 26. Qe5+ Bd6 27. Qxh8 Bxg2+ 28. Kxg2 Qe4+ 29. Kh3 Qf5+ 30. Kg2 Qe4+ 31. Kh3 Qf5+ 32. Kg2 Qe4+ 33. Kh3 Qf5+ 34. Kxh4 Qxf4+ 35. Kh5 Qf5+ 36. Kh4 Qf4+ 37. Kh5 Qf3+ 38. Kg6 Qg4+ 39. Kf7 Qd7+ 40. Kg6 Qg4+ 41. Kf7 Qxd1 42. Qc3+ Kd7 43. Qh3+ Kc7 44. Ne3 Qd4 45. Qf3 Qxb2 46. Nd5+ Kc6 47. Ne7+ Kc7 48. Nd5+ Kd7 49. Qg4+ Kc6 50. Qc4+ Bc5 51. Ne7+ Kb6 52. Nd5+ Kc6 53.
Ne7+ Kb6 54. Nd5+ Kc6 55. Ne7+ Kb6 56. Nd5+ Kc6 57. Ne7+ Kb6 1/2-1/2

[Event "*** Qualifier 4: Titled Tuesday 3|2 Blitz"]
[Site "Chess.com"]
[Date "2017.04.25"]
[Round "9"]
[White "Alex_Molchanov"]
[Black "ehrenfeld"]
[Result "0-1"]
[WhiteElo "2427"]
[BlackElo "2397"]
[TimeControl "180+2"]
[EndTime "14:57:24 PDT"]
[Termination "ehrenfeld won by checkmate"]

1. d4 Nf6 2. c4 e6 3. Nf3 Bb4+ 4.
Nbd2 d6 5. a3 Bxd2+ 6. Bxd2 Nbd7 7. Qc2 O-O 8. e3 e5 9. Bc3 e4 10.
Nd2 Re8 11. Be2 d5 12. b3 Nf8 13. Qd1 Ng6 14. O-O Bf5 15. cxd5 Nxd5 16. Rc1 Qd7 17.
Bb2 Rad8 18. Nc4 Qe7 19. Qe1 Qg5 20. Kh1 Nh4 21. Rg1 Re6 22. f4 exf3 23. gxf3 Qe7 24. Qg3 Bg6 25. e4 Rxe4 26. fxe4 Bxe4+ 27. Rg2 Bxg2+ 28. Kg1 Be4 29. Ne5 Ng6 30. Rf1 f6 31. Ng4 Re8 32. Bc4 c6 33. h4 f5 34. h5 fxg4 35.
hxg6 Bxg6 36. Bc1 Qe4 37. Bf4 Qxd4+ 38. Kh2 h5 39. Rf2 Kh7 40. Bg5 Ne3 41. Bf7 Bxf7 42. Rxf7 Qd3 43. Rf2 Qe4 44. Qh4 Kg6 45. Bf4 Qd5 46.
Qg3 Nf5 47. Qc3 Re4 48. Qc2 Re1 49. Rg2 Qe4 50. Qf2 Kh7 51. Bd2 g3+ 52. Rxg3 Rh1# 0-1

[Event "*** Qualifier 4: Titled Tuesday 3|2 Blitz"]
[Site "Chess.com"]
[Date "2017.04.25"]
[Round "9"]
[White "ChristopherYoo"]
[Black "wnstop"]
[Result "0-1"]
[WhiteElo "2293"]
[BlackElo "2465"]
[TimeControl "180+2"]
[EndTime "14:57:28 PDT"]
[Termination "wnstop won on time"]

1. e4 c5 2. Nf3 Nc6 3. d4 cxd4 4.
Nxd4 e5 5. Nb5 d6 6. N1c3 a6 7. Na3 Be7 8. Nd5 Nf6 9. Nxf6+ Bxf6 10. c4 O-O 11. Be3 Bg5 12. Qd2 Bxe3 13. Qxe3 f5 14. Bd3 f4 15. Qd2 Qh4 16. O-O-O Be6 17. Nc2 Qe7 18. b3 Qc7 19. Qc3 Na5 20. Rd2 b5 21. Na3 Rab8 22. Qc2 Qc5 23. Nb1 bxc4 24. bxc4 Rb4 25.
Na3 Rfb8 26. Kd1 Nc6 27. Qc1 Bg4+ 28. f3 Be6 29. Ke2 Qe3+ 30. Kf1 Rb2 31. Nc2 Rb1 32. Nxe3 Rxc1+ 33. Nd1 Nd4 34. Kf2 Bxc4 35. Bxc4+ Rxc4 36. Nb2 Rc3 37. Rhd1 Kf7 38. Nd3 g5 39. h4 h6 40.
hxg5 hxg5 41. Rh1 Kg6 42. Nb2 Rbc8 43. Rhd1 Rc2 44. Na4 R8c6 45. Kg1 g4 46. fxg4 Kg5 47. Nb2 Kxg4 48. Nd3 Kg3 0-1

[Event "*** Qualifier 4: Titled Tuesday 3|2 Blitz"]
[Site "Chess.com"]
[Date "2017.04.25"]
[Round "9"]
[White "SergeiAza"]
[Black "GrigorGrigorov"]
[Result "1/2-1/2"]
[WhiteElo "2682"]
[BlackElo "2541"]
[TimeControl "180+2"]
[EndTime "14:58:01 PDT"]
[Termination "Game drawn - insufficient material"]

1. e4 g6 2. d4 Bg7 3. Nf3 d6 4. Nc3 Nf6 5. Be2 O-O 6. O-O c6 7. a4 Nbd7 8. Bf4 Qa5 9. h3 e5 10. Bh2 Re8 11. Qd2 exd4 12. Nxd4 Nxe4 13. Nxe4 Qxd2 14.
Nxd2 Bxd4 15. Bf3 Bxb2 16. Rab1 Be5 17. Nc4 Bxh2+ 18. Kxh2 Re6 19. Na5 Nc5 20. Nxc6 bxc6 21. Bxc6 Ba6 22. Bxa8 Bxf1 23. Rxf1 Nxa4 24. Bd5 Re7 25.
Ra1 Nc3 26. Bb3 Kg7 27. Ra6 Nb5 28. Bc4 Rb7 29. Bxb5 Rxb5 30. Rxd6 Rc5 31. Ra6 Rxc2 32.
Rxa7 Rxf2 33. Kg1 Rb2 34. Ra6 h5 35. Ra7 h4 36. Rc7 g5 37. Rd7 Kg6 38. Ra7 f6 39. Ra6 Rd2 40. Rb6 Kf5 41. Ra6 Ke5 42. Rb6 f5 43.
Rb5+ Rd5 44. Rb4 Rd4 45. Rb5+ Kf4 46. Ra5 g4 47. hxg4 fxg4 48. Kh2 Rd2 49. Ra4+ Kf5 50. Ra5+ Ke4 51. Ra4+ Rd4 52. Ra8 Ke3 53. Ra3+ Ke2 54. Ra2+ Ke3 55. Ra3+ Kf4 56. Ra8 Ke3 57. Ra3+ Ke2 58.
Ra2+ Rd2 59. Ra4 h3 60. Rxg4 hxg2 61. Rxg2+ Ke3 62. Rxd2 Kxd2 1/2-1/2

[Event "*** Qualifier 4: Titled Tuesday 3|2 Blitz"]
[Site "Chess.com"]
[Date "2017.04.25"]
[Round "9"]
[White "Rodalquilar"]
[Black "dolynachess"]
[Result "0-1"]
[WhiteElo "2532"]
[BlackElo "2393"]
[TimeControl "180+2"]
[EndTime "14:58:02 PDT"]
[Termination "dolynachess won by checkmate"]

1. d4 Nf6 2. Bf4 c5 3. e3 b6 4. h3 Bb7 5. Nf3 d6 6. c3 Nbd7 7. Bh2 g6 8. Be2 Bg7 9. O-O O-O 10. Nbd2 a6 11. a4 Ra7 12. Bd3 Qa8 13. Qb1 Rb8 14. Re1 b5 15. axb5 axb5 16. Rxa7 Qxa7 17. e4 b4 18. Qa1 Qxa1 19. Rxa1 bxc3 20. bxc3 cxd4 21. cxd4 Ne8 22. e5 dxe5 23. dxe5 e6 24. Ne4 Bxe4 25. Bxe4 Nc5 26. Bc2 Nc7 27. Bg3 Nd5 28. Ra5 Nd7 29. Ra7 N5b6 30. Be4 h6 31. Bc6 Nc5 32. h4 Nc4 33.
Rc7 Nd3 34. Be8 Ndxe5 35. Bxf7+ Nxf7 36. Rxc4 e5 37. Rc7 Re8 38. Kh2 Bf6 39. Nd2 e4 40.
Nf1 Bd4 41. Rd7 e3 42. fxe3 Bxe3 43. Nxe3 Rxe3 44. Bf2 Re8 45. Ra7 Ne5 46. Kh3 h5 47. Ra6 Kf7 48. Ra7+ Re7 49. Ra6 Ng4 50. Bd4 Rd7 51.
Ba1 Rd3+ 52. g3 Rd2 53. Ra7+ Ke8 54. Ra8+ Kd7 55. Ra7+ Kc8 56. Ra8+ Kb7 57. Ra2 Rxa2 58. Bb2 Kc6 59. Kg2 Rxb2+ 60. Kh3 Rh2# 0-1

[Event "*** Qualifier 4: Titled Tuesday 3|2 Blitz"]
[Site "Chess.com"]
[Date "2017.04.25"]
[Round "9"]
[White "djogrodek1"]
[Black "WeiYi1999"]
[Result "1-0"]
[WhiteElo "2366"]
[BlackElo "2081"]
[TimeControl "180+2"]
[EndTime "14:58:07 PDT"]
[Termination "djogrodek1 won by checkmate"]

1. c4 e5 2. g3 Nf6 3. Bg2 d5 4.
cxd5 Nxd5 5. Nc3 Nb6 6. e3 Nc6 7. Nge2 Bf5 8. O-O Qd3 9. f4 e4 10. h3 h5 11. b3 f6 12. Qe1 Bb4 13. g4 hxg4 14. hxg4 Bxg4 15. Bxe4 Qd7 16. Bg6+ Kd8 17. Rf2 Rh6 18. Be4 f5 19. Bh1 Qf7 20. Ng3 Rh3 21. Rh2 g5 22. Rxh3 Bxh3 23. fxg5 Qg8 24. Bb2 Qxg5 25. Ne2 Bd6 26. Qf2 Nb4 27. Nf4 Qh4 28.
Nge2 Qg4+ 29. Qg3 Bxf4 30. Qxg4 Bxe3+ 31. dxe3 Bxg4 32. Nf4 c6 33. Kf2 Kc7 34. Be5+ Kd7 35. Bg2 Re8 36. Bc3 N4d5 37. Nxd5 Nxd5 38. Bd4 Nb4 39.
Rh1 Nd3+ 40. Kg3 c5 41. Bf6 b5 42. Rh7+ Kc8 43. Bb7+ Kb8 44. Bg5 Ne5 45. Bf4 c4 46. bxc4 bxc4 47. Bc6 Re6 48. Bd5 Re8 49. Rh8 Rxh8 50.
Bxe5+ Kc8 51. Bxh8 c3 52. Bxc3 Bd1 53. Kf4 Bc2 54.
Be6+ Kd8 55. Bxf5 Bd1 56. e4 Kc7 57. Ba5+ Kb7 58. e5 Ka6 59. Bd2 Kb6 60. e6 Kc7 61.
e7 Ba4 62. Ba5+ Kd6 63. Bb4+ Kc7 64. Bg6 a6 65. e8=Q Bxe8 66. Bxe8 Kb6 67. a4 a5 68. Ba3 Ka6 69. Ke5 Kb6 70. Bb5 Ka7 71. Kd6 Kb6 72. Bc5+ Kb7 73. Kd7 Ka8 74. Be7 Ka7 75. Kc7 Ka8 76.
Bc6+ Ka7 77. Bc5+ Ka6 78. Bb7# 1-0

[Event "*** Qualifier 4: Titled Tuesday 3|2 Blitz"]
[Site "Chess.com"]
[Date "2017.04.25"]
[Round "9"]
[White "MorpheusPro"]
[Black "chesstatour"]
[Result "0-1"]
[WhiteElo "2021"]
[BlackElo "1914"]
[TimeControl "180+2"]
[EndTime "14:58:14 PDT"]
[Termination "chesstatour won by checkmate"]

1. e4 c6 2. d4 d5 3. Nc3 dxe4 4. Nxe4 Nf6 5. Ng3 h5 6. Nf3 h4 7. Ne2 h3 8. gxh3 Bxh3 9. Bxh3 Rxh3 10. Ng3 e6 11.
Qe2 Bd6 12. Nf5 Qa5+ 13. Bd2 Qxf5 14. Ng5 Rh4 15. O-O-O Bf4 16. Nf3 Rh3 17. Kb1 Bxd2 18. Nxd2 Nbd7 19. Nc4 Qd5 20. Rhg1 g6 21. Ne3 Qe4 22. Qd2 O-O-O 23. Nc4 Nb6 24. Ne5 Rh7 25. f3 Qd5 26. Rg5 Nc4 27. Qe1 Nxe5 28. Rxe5 Qxf3 29.
a3 Nd5 30. Rc1 Rxh2 31. Qa5 Kb8 32. Ree1 b6 33. Qa6 Nc7 34. Qc4 Qd5 35. Qc3 Qxd4 36.
Qg3 Rh7 37. Red1 Qxd1 38. Rxd1 Rxd1+ 39. Ka2 Rd7 40. Qf3 f5 41. Qxc6 Rhe7 42. a4 e5 43.
Qxg6 f4 44. Qg4 Rf7 45. Qf3 Rd4 46. b3 e4 47. Qf1 f3 48. Qf2 Rfd7 49. Qg3 Rd2 50.
Qg8+ Kb7 51. Qf7 Rxf7 52. Kb2 Rxc2+ 53. Kxc2 e3 54. Kd3 f2 55. Kxe3 f1=Q 56. Ke4 Qf3+ 57.
Ke5 Qf4# 0-1

[Event "*** Qualifier 4: Titled Tuesday 3|2 Blitz"]
[Site "Chess.com"]
[Date "2017.04.25"]
[Round "9"]
[White "NMJeevanK"]
[Black "bugsbunny444"]
[Result "0-1"]
[WhiteElo "2395"]
[BlackElo "2371"]
[TimeControl "180+2"]
[EndTime "14:58:47 PDT"]
[Termination "bugsbunny444 won by resignation"]

1. e4 e6 2. d4 d5 3. e5 c5 4. c3 Nc6 5. Nf3 Qb6 6. Bd3 Nh6 7.
O-O cxd4 8. cxd4 Nf5 9. Bxf5 exf5 10. Nc3 Be6 11. a3 a5 12. Bd2 Nxd4 13. Nxd4 Qxd4 14.
Nb5 Qb6 15. Qb3 Bc5 16. Nd6+ Kd7 17. Qg3 g6 18. Rac1 Rhc8 19. Nxc8 Rxc8 20. b4 axb4 21. axb4 Bf8 22. Rxc8 Kxc8 23. Rc1+ Kd7 24. Qa3 Qa6 25. Qc3 Qc4 26. Qe3 d4 27. Rxc4 dxe3 28. Rd4+ Kc6 29. Bxe3 Kb5 30. Bd2 Bc4 31. Rd7 b6 32. Rd8 Bxb4 33.
Be3 Bc5 34. Bg5 h5 35. h3 Be6 36. g3 Kc4 37. Kg2 Bd4 38. Bf4 b5 39. f3 b4 40. Bd2 Bxe5 41. h4 b3 42. Bc1 b2 43.
Bxb2 Bxb2 44. Rb8 Bd4 45. Kh3 Kd3 46. Rd8 Ke3 47. Kg2 Bf6 48. Rd1 f4 49. Re1+ Kd2 50.
Re4 fxg3 51. Kxg3 Kd3 52. Ra4 Bd4 53. Ra3+ Kc4 54. Ra4+ Kd5 55. Ra5+ Kd6 56. Kf4 Bf2 57. Kg5 Ke7 58. f4 Bd4 59. Kh6 Kf6 60. Rb5 Bf2 61.
Ra5 Bxh4 62. Rb5 Bg3 63. Rb4 h4 64. Rb1 Bxf4+ 65. Kh7 h3 66. Rf1 g5 67. Rg1 h2 68.
Rf1 Bd5 69. Kg8 h1=Q 70. Rf2 Be4 0-1

[Event "*** Qualifier 4: Titled Tuesday 3|2 Blitz"]
[Site "Chess.com"]
[Date "2017.04.25"]
[Round "9"]
[White "kreonx"]
[Black "AllStarShark"]
[Result "1/2-1/2"]
[WhiteElo "2232"]
[BlackElo "2307"]
[TimeControl "180+2"]
[EndTime "14:59:12 PDT"]
[Termination "Game drawn by stalemate"]

1. e4 e5 2. Nf3 Nc6 3. d4 exd4 4. Nxd4 Nf6 5. Nxc6 bxc6 6. e5 Qe7 7. Qe2 Nd5 8. c4 Nb6 9. b3 Qe6 10. Bb2 Bb4+ 11. Nd2 O-O 12. a3 Bxd2+ 13. Qxd2 f6 14. g3 fxe5 15. Bg2 d5 16. cxd5 cxd5 17. Rc1 c6 18.
O-O Bb7 19. a4 Nd7 20. a5 a6 21. Rfe1 Qf5 22. Re2 Rae8 23. Rce1 e4 24. Qb4 Bc8 25. Qc3 Qf6 26. Qc2 Qg6 27. b4 Ne5 28. Bxe5 Rxe5 29. Qc3 Re7 30. Qc5 Ref7 31. Rf1 Bg4 32. Re3 Bf3 33. Qb6 Bxg2 34. Kxg2 Rf3 35. Qxa6 Rxe3 36. fxe3 Rxf1 37. Qxf1 d4 38. exd4 e3 39. a6 Qe4+ 40.
Qf3 Qc2+ 41. Kh3 g5 42. a7 Qa2 43. Qxe3 Qxa7 44. Qe8+ Kg7 45. Qe5+ Kg6 46. Qe6+ Kg7 47.
Qxc6 Qxd4 48. Qc5 g4+ 49. Kh4 Qb2 50. Kxg4 Qxh2 51. Qd4+ Kg6 52. Qd6+ Kg7 53. Qd7+ Kg6 54. Qf5+ Kg7 55. Qg5+ Kf8 56. Qd8+ Kg7 57. Qg5+ Kf8 58. Qh5 Qe2+ 59. Kg5 Qe5+ 60. Kh4 Qe7+ 61. Kh3 Qxb4 62.
Qxh7 Qe1 63. Qh6+ Kg8 64. Qg6+ Kh8 65. g4 Qf1+ 66. Kh4 Qh1+ 67. Kg5 Qc1+ 68. Kh5 Qh1+ 69.
Kg5 Qc1+ 70. Kf6 Qc6+ 71. Kf5 Qc2+ 72. Kg5 Qd2+ 73. Kh4 Qh2+ 74. Kg5 Qd2+ 75. Kf5 Qd3+ 76. Kf6 Qd6+ 77. Kf7 Qe7+ 78. Kxe7 1/2-1/2

[Event "*** Qualifier 4: Titled Tuesday 3|2 Blitz"]
[Site "Chess.com"]
[Date "2017.04.25"]
[Round "9"]
[White "Fandorine"]
[Black "GMHess"]
[Result "0-1"]
[WhiteElo "2696"]
[BlackElo "2596"]
[TimeControl "180+2"]
[EndTime "14:59:42 PDT"]
[Termination "GMHess won by resignation"]

1. e4 e5 2. Nf3 Nc6 3. Bb5 a6 4.
Ba4 b5 5. Bb3 Na5 6. d4 Nxb3 7.
axb3 exd4 8. Qxd4 Bb7 9. Bg5 Ne7 10. O-O d5 11. exd5 Qxd5 12. Qf4 Ng6 13. Re1+ Kd7 14. Qg4+ f5 15. Qh3 Bd6 16. Nc3 Qf7 17. Rad1 h6 18.
Be7 Bxf3 19. Rxd6+ cxd6 20. Qxf3 Rac8 21. Qb7+ Rc7 22.
Qxa6 Nxe7 23. Nxb5 Nc8 24. Nxc7 Kxc7 25. Qa5+ Kb8 26.
Qb5+ Qb7 27. Qxf5 Rd8 28. h3 d5 29. Rd1 Rd6 30. Qe5 Qe7 31. Rxd5 Qxe5 32. Rxe5 Rd1+ 33.
Kh2 Rd2 34. Rc5 Rxf2 35. Kg3 Rf7 36. Re5 Kc7 37. c3 Kd6 38. Re2 Ne7 39. b4 Nf5+ 40. Kh2 Ra7 41. c4 Ra4 42. Rd2+ Ke6 43. Re2+ Kf6 44. g4 Nd4 45. Re4 Nf3+ 46. Kg3 Nd2 47. Rf4+ Ke5 48. c5 Ne4+ 49. Kf3 Rxb4 50. Rf5+ Kd4 51.
c6 Rb3+ 52. Kg2 Rxb2+ 53. Kg1 Rc2 54. Rf7 g5 55. c7 Ke3 56. Rh7 Kf3 57. Rf7+ Kg3 58.
Kf1 Nd2+ 59. Ke2 Nf3+ 60. Kd3 Rc1 61. Ke4 Nh4 62. Kd5 Kxh3 63. Kd6 Kxg4 64. Rf6 Nf5+ 65.
Kd7 Rd1+ 66. Ke8 Rc1 67. Kd7 Rd1+ 68. Ke8 Re1+ 69. Kd7 Re7+ 70. Kd8 Rxc7 71. Kxc7 h5 72. Kc6 h4 73. Kd5 h3 74. Ra6 h2 75. Ra1 0-1

[Event "*** Qualifier 4: Titled Tuesday 3|2 Blitz"]
[Site "Chess.com"]
[Date "2017.04.25"]
[Round "9"]
[White "DiogenesSinopeus"]
[Black "GamayevOleg"]
[Result "1/2-1/2"]
[WhiteElo "2252"]
[BlackElo "2329"]
[TimeControl "180+2"]
[EndTime "14:59:48 PDT"]
[Termination "Game drawn - insufficient material"]

1. d4 d6 2. Nf3 Nf6 3. c4 Nbd7 4.
g3 e5 5. Bg2 c6 6. O-O exd4 7.
Qxd4 Nb6 8. b3 Be7 9. Bb2 O-O 10. e4 d5 11. exd5 cxd5 12. c5 Nbd7 13. b4 Re8 14.
Nc3 Bf8 15. Nxd5 Nxd5 16. Qxd5 a5 17. a3 Qc7 18. Ng5 Re7 19. Rae1 Qd8 20. Bc3 axb4 21. axb4 Qe8 22. Rxe7 Qxe7 23. Re1 Nf6 24. Qd3 Qd7 25. Qc2 Qf5 26. Ne4 Nd5 27. Bd2 Be6 28. Rc1 Qh5 29.
h4 Bf5 30. Qc4 Ne7 31. Ng5 h6 32. Nh3 Be6 33. Nf4 Bxc4 34. Nxh5 Bd5 35. Bxd5 Nxd5 36. b5 Rc8 37. c6 bxc6 38. bxc6 Ne7 39. c7 Nd5 40.
Ba5 Bd6 41. Nf4 Nxf4 42. gxf4 Bxf4 43. Kg2 Kf8 44. Kf3 Bd6 45. Ke4 Ke7 46. h5 g6 47.
hxg6 fxg6 48. Rg1 Bxc7 49. Bb4+ Kf7 50. Rd1 Rd8 51. Ra1 Rd7 52. Ra7 Ke6 53. Ra6+ Bd6 54. f4 h5 55. Kf3 Kd5 56. Ra5+ Kc4 57. Bd2 Rf7 58. Rg5 Rf6 59. Bc1 Bb4 60. Re5 Bd6 61. Rg5 Bc5 62. Ke4 Bb4 63. Re5 Bc3 64. Re8 Bb4 65. Bb2 Bc3 66. Rc8+ Kb3 67. Bxc3 Re6+ 68. Be5 Ra6 69. Rf8 Kc2 70. Rf6 Rxf6 71. Bxf6 Kd2 72. Bg5 Ke2 73. Ke5 Kf3 74. Bh4 Kg4 75. Bg5 h4 76. f5 gxf5 77. Bf4 h3 78. Bh2 Kf3 79. Kxf5 Kg2 80. Bb8 h2 81. Bxh2 1/2-1/2